 Dungeon Crawl Stone Soup version 0.30.1 (webtiles) character file.

Game seed: 9403722197766544104

234 GloriousHammer the Ruffian (level 5, 0/39 HPs)
             Began as a Demigod Transmuter on July 2, 2023.
             Splashed by a jelly's acid (9 damage)
             ... on level 4 of the Dungeon.
             The game lasted 00:09:26 (2961 turns).

GloriousHammer the Ruffian (Demigod Transmuter)     Turns: 2961, Time: 00:09:26

Health: 0/39       AC: -10   Str: 15    XL:     5   Next: 46%
Magic:  9/12       EV: 12    Int: 15    God:
Gold:   244        SH:  0    Dex: 14    Spells: 3/9 levels left

rFire   . .          .
                       - Unarmed
rCold   . . .        (no shield)
rNeg    . . .        a - +0 robe
rPois   +            (no helmet)
rElec   .            (no cloak)
rCorr   .            (no gloves)
SInv    .            (no boots)
Will    .....        r - amulet of regeneration
Stlth   +            P - ring of poison resistance
HPRegen 1.06/turn    L - ring of flight
MPRegen 0.13/turn

%: no passive effects
@: wereblooded, corroded, flying, very slightly contaminated
A: high MP 1, forlorn, divine attributes
a: no special abilities


You were on level 4 of the Dungeon.
You visited 1 branch of the dungeon, and saw 4 of its levels.

You collected 244 gold pieces.

Inventory:

Missiles
 j - 4 boomerangs
 m - 6 poisoned darts
Armour
 a - a +0 robe (worn)
 c - an orb of energy
 x - quicksilver dragon scales
Jewellery
 r - an amulet of regeneration (around neck)
 L - a ring of flight (right hand)
 P - a ring of poison resistance (left hand)
 R - a ring of resist corrosion
Scrolls
 d - 3 scrolls of vulnerability {unknown}
 e - 5 scrolls of magic mapping {unknown}
 f - a scroll of noise {unknown}
 l - 2 scrolls of amnesia {unknown}
 n - 2 scrolls of identify {unknown}
 o - 2 scrolls of enchant armour {unknown}
 s - a scroll of immolation {unknown}
 v - a scroll of acquirement {unknown}
 w - a scroll of blinking {unknown}
 y - a scroll of teleportation {unknown}
Potions
 b - 2 potions of lignification
 g - 2 potions of ambrosia {unknown}
 h - a potion of flight {unknown}
 i - 2 potions of cancellation {unknown}
 k - a potion of degeneration {unknown}
 p - 2 potions of heal wounds {unknown}
 q - 3 potions of curing {unknown}
 t - a potion of mutation {unknown}
 u - a potion of attraction {unknown}


   Skills:
 - Level 0.8 Fighting
 - Level 1.7 Dodging
 + Level 3.7 Unarmed Combat
 + Level 2.9 Spellcasting
 * Level 3.6 Transmutations
 + Level 1.5 Poison Magic


You had 3 spell levels left.
You knew the following spells:

 Your Spells              Type           Power      Damage    Failure   Level
a - Beastly Appendage     Tmut           26%        N/A       4%          1
b - Wereblood             Tmut           13%        N/A       7%          2
c - Spider Form           Tmut/Pois      10%        N/A       21%         3

Your spell library contained the following spells:

 Spells                   Type           Power      Damage    Failure   Level
 Passwall                 Tmut/Erth      5%         N/A       14%         2
 Kiss of Death            Conj/Necr      8%         2d6       21%         1
 Sandblast                Erth           4%         2d4       21%         1
 Blink                    Tloc           4%         N/A       30%         2
 Lesser Beckoning         Tloc           4%         N/A       30%         2
 Momentum Strike          Conj/Tloc      4%         3d8       30%         2
 Confusing Touch          Hex            2%         N/A       52%         3
 Stone Arrow              Conj/Erth      4%         3d7       52%         3
 Ice Form                 Ice/Tmut       7%         N/A       67%         4
 Dispel Undead            Necr           2%         3d7       90%         4


Dungeon Overview and Level Annotations

Branches:
Dungeon (4/15)
 Temple: D:4-7

Shops:
D:3 :

Annotations:
D:1 exclusion: downstairs
D:2 Sigmund


Innate Abilities, Weirdness & Mutations

You have an increased reservoir of magic. (+10% MP)
You shall have no god before yourself.
Your divine heritage dramatically boosts your attributes as you level up.


Message History

A hound comes into view.
The hound barks!
A hound is nearby!
You closely miss the hound. You claw the hound.
The hound is lightly wounded.
The hound bites you.
You hit the hound. Your kick misses the hound.
The hound is moderately wounded.
The hound bites you. The hound closely misses you.
You closely miss the hound. Your kick misses the hound.
The hound is moderately wounded.
The hound bites you.
You hit the hound. You claw the hound.
The hound is severely wounded.
The hound bites you. x2
You punch the hound!
You kill the hound!
You have reached level 5!
Your transformation is almost over.
Your horns disappear.
Your talons disappear.
HP restored.
You see here a hound corpse.
You pick up a book of Spatial Translocations and begin reading...
You add the spells Blink, Momentum Strike and Lesser Beckoning to your library.
You see here a +0 dagger.
w - a scroll labelled LIMUIDDU FEHYCW You reach down and open the door. 2 goblins come into view.
Found quicksilver dragon scales and 11 gold pieces.
Unknown command.
Casting: Beastly Appendage (safe; 5% risk of failure)
Confirm with . or Enter, or press ? or * to list all spells.
You miscast Beastly Appendage.
You are very lightly contaminated with residual magic.
Nothing appears to happen.
The goblin shouts!
A jackal comes into view.
Casting: Beastly Appendage (safe; 5% risk of failure)
Confirm with . or Enter, or press ? or * to list all spells.
You grow a pair of large bovine horns.
Your feet morph into talons.
The goblin hits you with a +0 dagger.
You hit the goblin.
You kill the goblin!
You hit the goblin.
You kill the goblin!
The jackal barely misses you.
You hit the jackal.
The jackal is lightly wounded.
The jackal bites you but does no damage.
You closely miss the jackal. You claw the jackal.
The jackal is severely wounded.
The jackal bites you.
You hit the jackal.
You kill the jackal!
Your magical contamination has completely faded away.
There is an open door here.
Items here: )) ††.
Your transformation is almost over.
You see here quicksilver dragon scales.
You now have 244 gold pieces (gained 11).
You see here quicksilver dragon scales.
You start removing your armour.
You continue taking off your +0 robe. x4
You finish taking off your +0 robe.
You start putting on your armour.
You continue putting on your quicksilver dragon scales.
Your horns disappear.
Your talons disappear.
You continue putting on your quicksilver dragon scales. x4
You finish putting on your quicksilver dragon scales.
You reach down and open the door.
There is an open door here.
You reach down and open the door.
A worm, a sleepcap, a hound and a hobgoblin come into view.
The hound barks!
The hobgoblin shouts!
Found five items.
You hit the hound.
The hound is lightly wounded.
The hound bites you but does no damage.
Casting: Beastly Appendage (safe; 11% risk of failure)
Confirm with . or Enter, or press ? or * to list all spells.
You grow a pair of large bovine horns.
Your feet morph into talons.
The hound bites you but does no damage. The hound barely misses you.
Casting: Beastly Appendage (safe; 11% risk of failure)
Confirm with . or Enter, or press ? or * to list all spells.
Your blood is infused with primal strength.
The hound bites you but does no damage.
You hit the hound. Your kick misses the hound.
The hound is moderately wounded.
Your transformation is almost over.
The hound closely misses you. The hound misses you.
You hit the hound but do no damage. Your kick misses the hound.
The hound is moderately wounded.
The hound barely misses you.
You barely miss the hound.
The hound is moderately wounded.
The hound closely misses you. x2
You hit the hound. Your kick misses the hound.
The hound is moderately wounded.
The hound bites you but does no damage.
Unknown command.
You barely miss the hound. You claw the hound. Your headbutt misses the hound.
The hound is severely wounded.
The hound bites you. x2
You barely miss the hound. Your kick misses the hound.
The hound is severely wounded.
The hound misses you.
You hit the hound. You claw the hound. Your punch misses the hound.
The hound is almost dead.
The hound closely misses you. The hound bites you but does no damage.
You hit the hound.
You feel a bit better.
You kill the hound!
You hit the hobgoblin. You claw the hobgoblin.
The hobgoblin is severely wounded.
The hobgoblin hits you.
You hit the hobgoblin.
You feel a bit better.
You kill the hobgoblin!
Your horns disappear.
Your talons disappear.
You hit the worm.
The worm is moderately wounded.
You hit the worm.
The worm is moderately wounded.
The worm closely misses you.
You hit the worm.
The worm is moderately wounded.
You howl as the wereblood boils in your veins!
You punch the worm!
The worm is severely wounded.
The worm closely misses you.
You hit the worm. You punch the worm!
You kill the worm!
You punch the sleepcap!
The sleepcap is moderately damaged.
The sleepcap misses you.
You hit the sleepcap.
The sleepcap is heavily damaged.
The sleepcap releases spores at you.
You are engulfed in a cloud of soporific spores!
You fall asleep.
The sleepcap releases spores at you!!
You wake up.
You hit the sleepcap.
The sleepcap is severely damaged.
Your primal bloodlust is almost over.
The sleepcap releases spores at you.
You hit the sleepcap.
The sleepcap is severely damaged.
The sleepcap releases spores at you but does no damage.
You hit the sleepcap.
The sleepcap is almost destroyed.
The sleepcap closely misses you.
You hit the sleepcap.
You feel a bit better.
You destroy the sleepcap!
There is an open door, spattered with blood here.
Things that are here:
a worm corpse; a hound corpse You pick up a book of Geomancy and begin reading...
You add the spells Sandblast, Passwall and Stone Arrow to your library.
Your primal bloodlust has ended.
n - 2 scrolls labelled YTEITA ZE VUHI (gained 1)
y - a scroll labelled UCKEIS XOPHUCA You see here a +0 mace.
b - 2 potions of lignification (gained 1)
You reach down and open the door.
There is an open door here.
You start removing your armour.
You continue taking off your quicksilver dragon scales. x4
You finish taking off your quicksilver dragon scales.
You start putting on your armour.
You continue putting on your +0 robe. x5
You finish putting on your +0 robe.
There is a stone staircase leading up here.
You reach down and open the door.
There is an open door here.
There is an open door here.
Items here: )) ††.
There is an open door here.
You reach down and open the door.
A worm and a jelly come into view.
Found 27 gold pieces, a dagger and 3 poisoned darts.
Casting: Wereblood (safe; 7% risk of failure)
Confirm with . or Enter, or press ? or * to list all spells.
You miscast Beastly Appendage.
You are very lightly contaminated with residual magic.
Nothing appears to happen.
Casting: Beastly Appendage (safe; 4% risk of failure)
Confirm with . or Enter, or press ? or * to list all spells.
Your blood is infused with primal strength.
You hit the jelly. The acid corrodes you!
Your hands burn!
The jelly is lightly wounded.
The jelly hits you. The acid corrodes you!
You are splashed with acid!
You hit the jelly but do no damage.
Your hands burn!
The jelly is lightly wounded.
The jelly hits you. The acid corrodes you!
You are splashed with acid!
* * * LOW HITPOINT WARNING * * *
You hit the jelly but do no damage.
Your hands burn!
* * * LOW HITPOINT WARNING * * *
The jelly is lightly wounded.
Unknown command.
Okay, then.
The jelly attacks as you move away! The jelly hits you.
* * * LOW HITPOINT WARNING * * *
You are splashed with acid!
You die...

.######.##### #####'#......#.....
#.## #)# ##.....##########. ##.##
#.### ##.#####.## ####. ##.#
#.#.#####.##...##.# ##.##.
##.####..#...[..#....)#.####.....
#..)............#.....#.'........
†#######....#)#.#.....#..###...#.
## #....##.###†...##..# ##.##. #
#.##.#...'@###'#.### #.#..
#....##.###J##..## #.#.#
#.#...#### w$##.# #....
#.###....# .$.#.# ###.# #.#
##.#.# )(.#.# #.# #.#
#..)##..##.# ######.#
#.#####...####..####..<...#
#....................######
##########.....#######


You could see a worm and a jelly.

Vanquished Creatures
  3 hounds (D:4)
  A sleepcap (D:4)
  A gnoll (D:1)
  3 adders
  2 worms
  2 dart slugs (D:1)
  An orc (D:3)
  7 ball pythons
  7 bats
  3 endoplasms
  3 giant cockroaches (D:1)
  10 goblins
  7 hobgoblins
  A jackal (D:4)
  4 kobolds
  3 quokkas
  2 frilled lizards (D:1)
  4 rats
64 creatures vanquished.

Notes
Turn   | Place    | Note
-------+----------+-------------------------------------------
     0 | D:1      | GloriousHammer the Demigod Transmuter began the quest for
                  | the Orb.
     0 | D:1      | Reached XP level 1. HP: 15/15 MP: 5/5
   235 | D:1      | Reached XP level 2. HP: 20/22 MP: 5/7
   268 | D:1      | Learned a level 2 spell: Wereblood
   443 | D:1      | Reached XP level 3. HP: 13/27 MP: 7/9
   678 | D:1      | Learned a level 3 spell: Spider Form
  1307 | D:2      | Noticed Sigmund
  2025 | D:3      | Reached XP level 4. HP: 34/34 MP: 8/10
  2318 | D:3      | Found Lafal's Vocational Training.
  2644 | D:4      | Reached skill level 1 in Poison Magic
  2730 | D:4      | Reached XP level 5. HP: 29/39 MP: 12/12
  2961 | D:4      | Splashed by a jelly's acid

Illustrated notes

Levels and vault maps discovered:
D:1:      evilmike_arrival_hilbert_curve, layout_basic,
          shapermc_ecumenical_altar_starsandcircs
D:2:      layout_loops_ring, uniq_sigmund
D:3:      wander_river, layout_loops_ring, nicolae_shop_vocational
D:4:      layout_loops_corners, minmay_joined_circles

Skill      XL: |  1  2  3  4 |
---------------+-------------+-----
Transmutations | 2 3 |  3.6
Spellcasting   | 2 |  2.9
Unarmed Combat | 3 |  3.7
Poison Magic   | 1 |  1.5
Fighting       | |  0.8
Dodging        | |  1.7

Action                     |  1- 3 |  4- 6 || total
---------------------------+-------+-------++-------
  Melee: Unarmed           |   124 |    64 ||   188
         Headbutt          |    15 |     7 ||    22
         Kick              |    24 |    11 ||    35
         Punch             |       |     1 ||     1
   Cast: Beastly Appendage |    27 |    11 ||    38
         Wereblood         |     2 |     3 ||     5
   Stab: Sleeping          |     1 |       ||     1
 Armour: Robe              |    28 |    19 ||    47
         Quicksilver drago |       |     6 ||     6
  Dodge: Dodged            |    97 |    38 ||   135
